 Dungeon Crawl Stone Soup version 0.30-a0-996-ga6910c8ee8 (webtiles) character file.

Game seed: 17996490304456595362

218788 jasper the Peltast (level 18, -2/151 HPs)
             Began as a Green Draconian Earth Elementalist on Apr 4, 2023.
             Was the Champion of Vehumet.
             Slain by a boulder beetle (14 damage)
             ... on level 4 of the Spider Nest.
             The game lasted 01:40:58 (49995 turns).

jasper the Peltast (DrEE)                          Turns: 49995, Time: 01:40:58

Health: -2/151     AC:  7    Str:  8 (13) XL:     18   Next: 80%
Magic:  1/33       EV: 16    Int: 30      God:    Vehumet [******]
Gold:   1103       SH: 15    Dex: 16 (18) Spells: 3/39 levels left

rFire   + . .      SeeInvis +    i - staff of earth
rCold   + + .      Faith    .    S - +1 kite shield of Loss {rC+ Int+3 Dex+2}
rNeg    . . .      Spirit   .    (body armour unavailable)
rPois   +          Reflect  .    P - +0 hat "Xontiwk" {Dex+3}
rElec   +          Rampage  +    n - +2 cloak "Bounuxeo" {Rampage rC+}
rCorr   +          Clarity  +    w - +0 pair of gloves
Will    ++...                    M - +0 pair of boots "Yskuvafo" {rElec rPois rF+}
Stlth   ++++                     A - amulet "Tiekhlia" {Regen+ rCorr Stlth+}
HPRegen 1.25/turn                X - ring of see invisible
MPRegen 0.23/turn                B - ring of Cuddip {Will+ Int+5}

@: short of breath, corroded, studying 2 skills
A: breathe noxious fumes, AC +10, unfitting armour, stinger 1, poison
resistance, cold-blooded, thin skeletal structure 1, clarity, sense surroundings
1
a: Breathe Noxious Fumes, Renounce Religion


You were on level 4 of the Spider Nest.
You worshipped Vehumet.
Vehumet was exalted by your worship.
You visited 6 branches of the dungeon, and saw 30 of its levels.
You also visited: Ossuary, Gauntlet and Volcano.

You collected 5009 gold pieces.
You spent 3906 gold pieces at shops.

Inventory:

Missiles
 d - 4 throwing nets
 I - 23 silver javelins
Armour
 n - the +2 cloak "Bounuxeo" (worn) {Rampage rC+}
   (You acquired it on level 3 of the Lair of Beasts)

   rC:        It protects you from cold.
   Rampage:   It bestows one free step when moving towards enemies.
 p - a +2 cloak of preservation
 w - a +0 pair of gloves (worn)
 M - the +0 pair of boots "Yskuvafo" (worn) {rElec rPois rF+}
   (You found it on level 3 of the Lair of Beasts)

   rF:        It protects you from fire.
   rElec:     It insulates you from electricity.
   rPois:     It protects you from poison.
 P - the +0 hat "Xontiwk" (worn) {Dex+3}
   (You found it in a Gauntlet)

   Dex:       It affects your dexterity (+3).
 S - the +1 kite shield of Loss (worn) {rC+ Int+3 Dex+2}
   (You bought it in a shop on level 8 of the Dungeon)

   Int:       It affects your intelligence (+3).
   Dex:       It affects your dexterity (+2).
   rC:        It protects you from cold.
Magical Staves
 i - a staff of earth (weapon)
Jewellery
 a - the ring of Wyme {rF++ AC+4 Int+2}
   (You bought it in a shop on level 2 of the Orcish Mines)

   [ring of protection]

   AC:        It affects your AC (+4).
   Int:       It affects your intelligence (+2).
   rF:        It greatly protects you from fire.
 u - a ring of positive energy
 A - the amulet "Tiekhlia" (around neck) {Regen+ rCorr Stlth+}
   (You acquired it on level 4 of the Dungeon)

   [amulet of regeneration]

   Regen:     It increases your rate of health regeneration.
   rCorr:     It protects you from acid and corrosion.
   Stlth:     It makes you more stealthy.
 B - the ring of Cuddip (right hand) {Will+ Int+5}
   (You bought it in a shop on level 8 of the Dungeon)

   [ring of willpower]

   Int:       It affects your intelligence (+5).
   Will:      It increases your willpower.
 O - a ring of willpower
 Q - the ring of Jyley {rF+ Str+3 Slay+2}
   (You took it off a deep elf death mage on level 3 of the Elven Halls)

   [ring of protection from fire]

   Str:       It affects your strength (+3).
   Slay:      It affects your accuracy & damage with ranged weapons and melee
   (+2).
   rF:        It protects you from fire.
 R - a ring of protection from fire
 X - a ring of see invisible (left hand)
 Y - a ring of resist corrosion
Wands
 c - a wand of flame (19)
 k - a wand of charming (45)
 v - a wand of digging (4)
 T - a wand of polymorph (2)
Scrolls
 b - 17 scrolls of teleportation
 f - 2 scrolls of poison
 g - 3 scrolls of blinking
 j - 9 scrolls of immolation
 o - 23 scrolls of identify
 r - 5 scrolls of vulnerability
 t - 3 scrolls of fog
 D - a scroll of silence
 E - 8 scrolls of magic mapping
 G - 4 scrolls of torment
 H - a scroll of fear
 U - a scroll of amnesia
 V - 4 scrolls of enchant armour
 Z - 3 scrolls of butterflies
Potions
 e - 2 potions of invisibility
 h - 3 potions of berserk rage
 l - 6 potions of mutation
 m - a potion of resistance
 q - 5 potions of attraction
 s - 10 potions of curing
 x - 2 potions of might
 z - 4 potions of lignification
 C - 4 potions of ambrosia
 F - 7 potions of brilliance
 K - 2 potions of cancellation
 L - 3 potions of flight
 W - 6 potions of haste
Miscellaneous
 y - a tin of tremorstones (inert)
 N - a condenser vane (inert)


   Skills:
 - Level 11.0 Fighting
 - Level 12.0 Staves
 - Level 9.0 Dodging
 - Level 1.7 Stealth
 - Level 15.0 Shields
 - Level 11.0 Spellcasting
 + Level 14.7 Conjurations
 - Level 4.0 Hexes
 - Level 8.3 Transmutations
 - Level 3.3 Fire Magic
 * Level 14.1 Earth Magic
 - Level 9.0 Poison Magic
 - Level 6.0 Evocations


You had 3 spell levels left.
You knew the following spells:

 Your Spells              Type           Power      Damage    Failure   Level
a - Apportation           Tloc           32%        N/A       5%          1
b - Passwall              Tmut/Erth      75%        N/A       1%          2
c - Stone Arrow           Conj/Erth      100%       3d13      1%          3
d - Inner Flame           Hex/Fire       38%        N/A       1%          3
e - Yara's Violent Unrav  Hex/Tmut       26%        3d11      3%          5
f - Iron Shot             Conj/Erth      50%        9d10      1%          6
g - Lee's Rapid Deconstr  Erth           50%        3d24*     1%          5
h - Ignite Poison         Fire/Tmut/Pois 55%        N/A       1%          3
i - Eringya's Noxious Bo  Tmut/Pois      31%        N/A       7%          6
j - Blink                 Tloc           32%        N/A       9%          2

Your spell library contained the following spells:

 Spells                   Type           Power      Damage    Failure   Level
 Shatter                  Erth           50%        3d38*     98%         9
 Fire Storm               Conj/Fire      31%        8d8       100%        9
 Polar Vortex             Ice            8%         N/A       100%        9
 Sandblast                Erth           100%       2d20      0%          1
 Freeze                   Ice            64%        1d7       1%          1
 Sting                    Tmut/Pois      100%       1d8       1%          1
 Poisonous Vapours        Pois/Air       86%        N/A       1%          2
 Hailstorm                Conj/Ice       57%        3d12      1%          3
 Confusing Touch          Hex            41%        N/A       3%          3
 Tukima's Dance           Hex            41%        N/A       3%          3
 Frozen Ramparts          Ice            32%        1d5       4%          3
 Summon Small Mammal      Summ           64%        N/A       5%          1
 Portal Projectile        Hex/Tloc       56%        N/A       7%          3
 Summon Guardian Golem    Hex/Summ       28%        N/A       7%          3
 Teleport Other           Tloc           16%        N/A       16%         3
 Vhi's Electric Charge    Tloc/Air       32%        N/A       16%         3
 Fulminant Prism          Conj/Hex       32%        3d15      1%          4
 Olgreb's Toxic Radiance  Pois           63%        N/A       1%          4
 Petrify                  Tmut/Erth      90%        N/A       1%          4
 Sticky Flame             Conj/Fire      63%        2d8       1%          4
 Iskenderun's Battlesphe  Conj           81%        2d13      1%          5
 Arcjolt                  Conj/Air       28%        1d38      2%          5
 Orb of Destruction       Conj           40%        9d11      3%          7
 Alistair's Intoxication  Tmut/Pois      41%        N/A       4%          5
 Blade Hands              Tmut           30%        N/A       4%          5
 Freezing Cloud           Conj/Ice/Air   23%        6-21      5%          5
 Borgnjor's Vile Clutch   Necr/Erth      36%        N/A       9%          5
 Statue Form              Tmut/Erth      60%        N/A       9%          6
 Cause Fear               Hex            20%        N/A       10%         4
 Ice Form                 Ice/Tmut       41%        N/A       10%         4
 Lehudib's Crystal Spear  Conj/Erth      50%        10d12     24%         8
 Animate Dead             Necr           16%        N/A       47%         4
 Manifold Assault         Tloc           16%        N/A       47%         4
 Passage of Golubria      Tloc           16%        N/A       47%         4
 Summon Ice Beast         Ice/Summ       16%        N/A       47%         4
 Spellforged Servitor     Conj/Summ      28%        N/A       47%         7
 Metabolic Englaciation   Hex/Ice        14%        N/A       54%         5
 Death Channel            Necr           8%         N/A       100%        6
 Dispersal                Tloc           8%         N/A       100%        6
 Simulacrum               Ice/Necr       8%         N/A       100%        6
 Enfeeble                 Hex            20%        N/A       100%        7
 Monstrous Menagerie      Summ           8%         N/A       100%        7
 Storm Form               Tmut/Air       20%        N/A       100%        7
 Discord                  Hex            20%        N/A       100%        8
 Disjunction              Tloc           8%         N/A       100%        8
 Ignition                 Fire           18%        3d7       100%        8
 Maxwell's Capacitive Co  Air            8%         ∞         100%        8
 Animate Armour           Summ/Erth      Unusable   N/A       N/A         4

Dungeon Overview and Level Annotations

Branches:
Dungeon (15/15)            Temple (1/1) D:4            Lair (5/5) D:11
 Shoals (0/4) Lair:3       Spider (4/4) Lair:2        Slime (0/5) Lair:4
    Orc (2/2) D:12            Elf (3/3) Orc:2        Vaults (0/5) D:13
 Depths (0/4) D:15        Ossuary (visited)         Volcano (visited)
Gauntlet (visited)

Altars:
Cheibriados
Dithmenos
Elyvilon
Fedhas
Gozag
Kikubaaqudgha
Nemelex Xobeh
Okawaru
Qazlal
Ru
Sif Muna
Trog
Uskayaw
Vehumet
Wu Jian
Xom
Yredelemnul
Zin
The Shining One
Jiyva

Shops:
D:7 [   D:8 [(=   D:9 *   Orc:1 (   Orc:2 [(=*   Elf:1 :   Elf:2 (

Annotations:
D:15 Rupert
Orc:1 Saint Roka
Orc:2 exclusion: upstairs
Elf:2 3 runed translucent doors


Innate Abilities, Weirdness & Mutations

You can breathe blasts of noxious fumes.
Your lurid green scales are hard. (AC +10)
You cannot fit into any form of body armour.
Your tail ends in a venomous barb.
Your system is resistant to poisons. (rPois)
You are cold-blooded and may be slowed by cold attacks.
You have a somewhat thin skeletal structure. (Dex +2, Stealth+)
You possess an exceptional clarity of mind.
You passively map a small area around you.


Message History

You tail-slap the jorogumo, but do no damage.
The jorogumo is almost dead.
The jorogumo seems less confused.
The boulder beetle is engulfed in noxious fumes.
The boulder beetle appears confused.
The jorogumo completely misses you.
The boulder beetle is engulfed in noxious fumes.
You hit the jorogumo but do no damage.
You shatter the jorogumo!
You kill the jorogumo!
Vehumet accepts your kill.
You feel your power returning.
Your tin of tremorstones (1/2) has regained one charge.
You regained 6 mp, and now have 9/33 mp.
Casting: Iron Shot (mildly dangerous; 1% risk of failure)
Confirm with . or Enter, or press ? or * to list all spells.
Aiming: Iron Shot (mildly dangerous; 1% risk of failure)
Press: ? - help, Shift-Dir - straight line, f - boulder beetle
Aim: a boulder beetle (rolling, confused, 100% to hit)
You feel a surge of power!
The iron shot hits the boulder beetle!!!
The boulder beetle is heavily wounded.
You now have 3/33 mp.
Aiming: Stone Arrow (safe; 1% risk of failure)
Press: ? - help, Q - select action, (/) - cycle Shift-Dir - straight line, f/p - boulder beetle
Aim: a boulder beetle (sparse dust, heavily wounded, rolling, confused, 100% to hit)
You feel a surge of power!
The stone arrow hits the boulder beetle.
The boulder beetle is heavily wounded.
The boulder beetle stops rolling and uncurls.
You now have 1/33 mp.
The tremorstone explodes into fragments!
The burst of rock shards engulfs the boulder beetle but does no damage.
The burst of rock shards engulfs you!
* * * LOW HITPOINT WARNING * * *
The tin is emptied!
The boulder beetle seems less confused.
The boulder beetle closely misses you.
You take 11 damage, and have 11/151 hp.
You hit the boulder beetle but do no damage.
The boulder beetle is heavily wounded.
The boulder beetle bites you!
You die...

............##.....** ^
#^................. , ,
^..~^#.#.~..##.... ** ,
,##..###.###..^# ..^
#.^~#....##.†.###.# #
###..##^....##..~^#.#,
.#.#......^.......^......
,
^.......##.†...##.....^..,
.........##.@†##^.....~~.
,
..^......###B###.....~~~~
*
,.^.........#†#s.......~~.
*
###+###^..§..†.........~.
, ###.s°............. ,
#......^#^#^^... , , , ,
##....###^#* , * #...~# ,
* * ,, '...##


You could see a boulder beetle.

Vanquished Creatures
  Jorgrun (D:13)
  5 deep elf blademasters (Elf:3)
  Asterion (Spider:1)
  3 deep elf master archers (Elf:3)
  Kirke (D:15)
  Roxanne (Elf:2)
  5 emperor scorpions
  5 deep elf sorcerers
  3 deep elf elementalists (Elf:3)
  5 ghost moths
  2 orc warlords
  6 broodmothers (Spider:4)
  6 deep elf demonologists
  Nessos (Lair:5)
  4 deep elf annihilators (Elf:3)
  A minotaur (Gauntlet)
  Snorg (Lair:4)
  5 spark wasps
  3 deep elf death magi
  3 entropy weavers
  2 deep elf high priests (Elf:3)
  4 hydras
  Erolcha (Orc:2)
  A fire dragon (Lair:5)
  3 jorogumos
  3 catoblepae
  Erica (D:11)
  An ogre mage (D:15)
  7 two-headed ogres
  17 dancing weapons
  6 centaur warriors
  7 death yaks
  A radroach (Spider:3)
  A death scarab (Spider:4)
  12 boulder beetles
  Urug (Lair:2)
  An orc high priest (Orc:2)
  3 soul eaters (D:13)
  9 deep elf knights
  Nergalle (D:12)
  3 skysharks (Lair:3)
  A storm dragon skeleton (D:13)
  Sonja (Lair:2)
  Amaemon (Lair:1)
  A fire crab (Lair:5)
  A sun moth (Spider:3)
  7 pharaoh ants
  8 orb spiders
  16 steelbarb worms
  15 deep elf archers
  4 orc knights
  9 wizards
  2 shadow dragon zombies (D:13)
  2 golden dragon skeletons (D:13)
  A sphinx zombie (D:13)
  Pikel (D:9)
  A harpy (shapeshifter) (D:15)
  9 ugly things
  A necromancer (D:15)
  A lindwurm (Lair:4)
  4 orc sorcerers
  22 deep elf pyromancers
  17 deep elf zephyrmancers
  21 wolf spiders
  3 moths of wrath
  5 cyclopes
  An iron dragon skeleton (D:13)
  A worldbinder (Gauntlet)
  A stone giant zombie (D:13)
  5 toenail golems (Volcano)
  14 elephants
  3 molten gargoyles (Lair:5)
  An orange demon (D:11)
  4 demonic crawlers
  An apocalypse crab (Gauntlet)
  11 torpor snails
  12 black mambas
  A gargoyle (D:11)
  10 cane toads
  2 centaur skeletons (D:15)
  An unseen horror (D:13)
  A rime drake (Lair:5)
  A tengu conjurer (D:15)
  A freezing wraith (D:13)
  19 komodo dragons
  A kobold demonologist (D:12)
  3 yaktaurs (D:15)
  4 trolls
  A polar bear (shapeshifter) (D:13)
  2 polar bears
  22 blink frogs
  A tyrant leech (Lair:5)
  A merfolk (Lair:3)
  10 dream sheep
  31 tarantellas
  A centaur simulacrum (D:15)
  An ettin zombie (D:13)
  2 air elementals (Elf:1)
  28 jumping spiders
  17 culicivoras
  A shadow (D:10)
  40 yaks
  4 water elementals
  Sigmund (D:3)
  5 hogs (D:15)
  3 wraiths
  8 wyverns
  5 basilisks
  Eustachio (D:6)
  A shapeshifter (D:15)
  3 vampires
  5 fire elementals (Elf:2)
  5 steam dragons
  4 vampire mosquitoes (D:12)
  55 redbacks
  2 acid dragons
  5 hell hounds (Lair:5)
  4 swamp worms (Lair:5)
  6 wargs
  12 water moccasins
  A glowing shapeshifter skeleton (D:13)
  3 black bears
  3 ice beasts
  33 orc warriors
  13 ogres
  22 wolves
  3 boggarts
  11 centaurs
  4 kobold brigands
  3 lemures
  A phantom (D:5)
  12 bullfrogs
  Blork the orc (Orc:2)
  2 elf zombies (Ossuary)
  3 scorpions
  3 earth elementals
  13 wights
  3 killer bees (D:9)
  An electric eel (D:8)
  4 howler monkeys
  5 lava snakes (Lair:5)
  19 orc priests
  16 jellies
  Crazy Yiuf (D:7)
  A gnoll bouda (Orc:1)
  8 hounds
  A human zombie (Ossuary)
  2 sleepcaps
  Natasha (thrice) (D:3)
  6 hell rats (Lair:5)
  7 iguanas
  27 orc wizards
  3 mummies (Ossuary)
  12 gnolls
  4 adders
  A shadow imp (D:6)
  A white imp (D:5)
  3 adder zombies (Ossuary)
  A dart slug (D:1)
  75 orcs
  4 bats
  9 endoplasms
  4 giant cockroaches
  8 goblins
  9 hobgoblins
  3 jackals (D:1)
  15 kobolds
  6 quokkas
  5 ball pythons
  12 frilled lizards (D:1)
  4 goblin zombies (Ossuary)
  4 hobgoblin zombies (Ossuary)
  A kobold zombie (Ossuary)
  A quokka zombie (Ossuary)
  6 rats
  2 rat zombies (Ossuary)
1114 creatures vanquished.

Vanquished Creatures (collateral kills)
  2 redbacks (Spider:1)
  An orc wizard (Orc:2)
  An orc (Orc:2)
4 creatures vanquished.

Vanquished Creatures (others)
  A deep elf elementalist (Elf:3)
  A dancing weapon (Elf:2)
  A deep elf pyromancer (Elf:1)
  A deep elf zephyrmancer (Elf:1)
  An orc knight (Orc:2)
  A warg (Orc:2)
  An orc warrior (Orc:2)
  An ogre (D:15)
  A hound (D:4)
  A gnoll (D:4)
  28 fungi
  30 plants
68 creatures vanquished.

Grand Total: 1186 creatures vanquished

Notes
Turn   | Place    | Note
-------+----------+-------------------------------------------
     0 | D:1      | jasper the Draconian Earth Elementalist began the quest for
                  | the Orb.
     0 | D:1      | Reached XP level 1. HP: 14/14 MP: 3/3
   139 | D:2      | Found a faded altar of an unknown god.
   148 | D:2      | Reached XP level 2. HP: 22/22 MP: 0/5
   358 | D:3      | Learned a level 2 spell: Passwall
   528 | D:4      | Reached skill level 1 in Fighting
   540 | D:4      | Reached XP level 3. HP: 27/28 MP: 2/6
   672 | D:4      | Reached XP level 4. HP: 5/36 MP: 0/7
   768 | D:4      | Identified the +12 trident of the Jester {flame, +Blink
                  | Dex-3 SInv}
  1211 | D:4      | Found a staircase to the Ecumenical Temple.
  1221 | D:4      | Reached XP level 5. HP: 41/41 MP: 7/9
  1226 | Temple   | Entered the Ecumenical Temple
  1252 | Temple   | Became a worshipper of Vehumet
  2223 | D:2      | Learned a level 3 spell: Stone Arrow
  2615 | D:2      | Reached * piety under Vehumet
  2615 | D:2      | Offered knowledge of Freeze by Vehumet.
  3085 | D:3      | Gained mutation: Your spells are a little easier to cast,
                  | but a little less powerful. [potion of mutation]
  3085 | D:3      | Gained mutation: You expend magic power (3 MP) to
                  | strengthen your wands. [potion of mutation]
  3223 | D:3      | Lost mutation: You expend magic power (3 MP) to strengthen
                  | your wands. [potion of mutation]
  3223 | D:3      | Lost mutation: Your spells are a little easier to cast, but
                  | a little less powerful. [potion of mutation]
  3223 | D:3      | Gained mutation: You have a somewhat thin skeletal
                  | structure. (Dex +2, Stealth+) [potion of mutation]
  3223 | D:3      | Gained mutation: You passively map a small area around you.
                  | [potion of mutation]
  3223 | D:3      | Gained mutation: You possess an exceptional clarity of
                  | mind. [potion of mutation]
  3262 | D:3      | Noticed Natasha
  3267 | D:3      | Killed Natasha
  3268 | D:3      | Reached skill level 1 in Conjurations
  3484 | D:3      | Noticed Sigmund
  3493 | D:3      | Killed Sigmund
  3494 | D:3      | Reached skill level 5 in Earth Magic
  3494 | D:3      | Reached XP level 6. HP: 48/51 MP: 0/10
  3667 | D:3      | Noticed Natasha
  3672 | D:3      | Killed Natasha
  3792 | D:3      | Noticed Natasha
  3844 | D:3      | Killed Natasha
  4066 | D:4      | Found an ornate altar of the Wu Jian Council.
  4084 | D:4      | Found an ancient bone altar of Kikubaaqudgha.
  4086 | D:4      | Found a blossoming altar of Fedhas.
  4087 | D:4      | Found a bloodstained altar of Trog.
  4129 | D:4      | Identified 2 scrolls of acquirement
  4130 | D:4      | Acquired the amulet "Tiekhlia" {Regen+ rCorr Stlth+}
  4131 | D:4      | Acquired a staff of earth
  4227 | D:5      | Entered Level 5 of the Dungeon
  4278 | D:5      | Your scales start taking on a lurid green colour.
  4278 | D:5      | Reached XP level 7. HP: 57/57 MP: 6/12
  4278 | D:5      | Gained mutation: Your system is resistant to poisons.
                  | (rPois) [Green Draconian growth]
  4371 | D:5      | Learned a level 3 spell: Inner Flame
  4414 | D:5      | Found a sparkling altar of Nemelex Xobeh.
  4431 | D:5      | Reached skill level 1 in Hexes
  4431 | D:5      | Reached skill level 1 in Fire Magic
  4488 | D:5      | Offered knowledge of Momentum Strike by Vehumet.
  4532 | D:5      | Found a stormy altar of Qazlal.
  4575 | D:5      | Found a sand-covered staircase.
  4582 | Ossuary  | Entered an ossuary
  4584 | Ossuary  | Reached ** piety under Vehumet
  5120 | D:5      | Reached XP level 8. HP: 63/63 MP: 11/13
  5502 | D:6      | Found a basalt altar of Yredelemnul.
  5622 | D:6      | Noticed Eustachio
  5633 | D:6      | Killed Eustachio
  5780 | D:6      | Reached skill level 5 in Conjurations
  5930 | D:6      | Offered knowledge of Scorch by Vehumet.
  6018 | D:6      | Reached XP level 9. HP: 73/73 MP: 15/15
  6047 | D:6      | Reached skill level 5 in Fighting
  7105 | D:7      | Reached *** piety under Vehumet
  7121 | D:7      | Reached skill level 5 in Dodging
  7123 | D:7      | Reached skill level 5 in Spellcasting
  7756 | D:7      | Offered knowledge of Fulminant Prism by Vehumet.
  7764 | D:7      | Learned a level 4 spell: Fulminant Prism
  7924 | D:7      | Found Eliaf's Antique Armour Boutique.
  7927 | D:7      | Bought a pair of boots for 139 gold pieces
  7998 | D:7      | Found a runed translucent door.
  7999 | D:7      | Noticed Crazy Yiuf
  8004 | D:7      | Killed Crazy Yiuf
  8173 | D:8      | Found Jyameip's Jewellery Boutique.
  8174 | D:8      | Found Zayplo's Antique Weapon Emporium.
  8299 | D:8      | Reached XP level 10. HP: 84/84 MP: 6/18
  9034 | D:8      | Found Yclaepaw's Armour Boutique.
  9277 | D:8      | Bought the +1 kite shield of Loss {rC+ Int+3 Dex+2} for 510
                  | gold pieces
  9559 | D:9      | Noticed a two-headed ogre
  9571 | D:9      | Killed a two-headed ogre
  9572 | D:9      | Reached skill level 2 in Shields
  9770 | D:9      | Reached **** piety under Vehumet
  9793 | D:9      | Found a shimmering altar of Xom.
  9797 | D:9      | Reached skill level 3 in Shields
 10041 | D:9      | Found an opulent altar of Gozag.
 10386 | D:9      | Reached skill level 4 in Shields
 10455 | D:9      | Noticed Pikel
 10480 | D:9      | Found Varieghi's General Store.
 10483 | D:9      | Bought a scroll of teleportation for 36 gold pieces
 10890 | D:9      | Killed Pikel
 10890 | D:9      | Offered knowledge of Irradiate by Vehumet.
 10891 | D:9      | Reached skill level 5 in Shields
 10978 | D:10     | Entered Level 10 of the Dungeon
 10993 | D:10     | Reached skill level 6 in Shields
 11122 | D:10     | Reached XP level 11. HP: 88/92 MP: 11/20
 11136 | D:10     | Reached skill level 7 in Shields
 11252 | D:10     | Identified the +5 glaive of the Unspeakable One {flame,
                  | rElec Will+ Int+3}
 11879 | D:11     | Noticed a two-headed ogre
 11883 | D:11     | Killed a two-headed ogre
 11944 | D:11     | Noticed a purple ugly thing
 11952 | D:11     | Killed a purple ugly thing
 11953 | D:11     | Reached skill level 8 in Shields
 12190 | D:11     | Found a staircase to the Lair.
 12231 | D:11     | Noticed Erica
 12236 | D:11     | Killed Erica
 12237 | D:11     | Reached skill level 9 in Shields
 12980 | D:11     | Reached skill level 10 in Shields
 13182 | Lair:1   | Entered Level 1 of the Lair of Beasts
 13182 | Lair:1   | Noticed Amaemon
 13188 | D:11     | Reached ***** piety under Vehumet
 13188 | D:11     | Offered knowledge of Iskenderun's Battlesphere by Vehumet.
 13462 | Lair:1   | Killed Amaemon
 13463 | Lair:1   | Reached skill level 11 in Shields
 13550 | Lair:1   | Noticed a death yak
 13551 | Lair:1   | Noticed a death yak
 13551 | Lair:1   | Noticed a death yak
 13552 | Lair:1   | Noticed a death yak
 13553 | Lair:1   | Noticed a death yak
 13574 | Lair:1   | Killed a death yak
 13579 | Lair:1   | Killed a death yak
 13581 | Lair:1   | Killed a death yak
 13582 | Lair:1   | Reached skill level 12 in Shields
 13582 | Lair:1   | Reached XP level 12. HP: 31/100 MP: 2/21
 13587 | Lair:1   | Killed a death yak
 13713 | Lair:1   | Killed a death yak
 14189 | Lair:1   | Reached skill level 13 in Shields
 14318 | Lair:1   | Noticed a catoblepas
 14327 | Lair:1   | Killed a catoblepas
 14779 | Lair:2   | Noticed Urug
 14782 | Lair:2   | Noticed Sonja
 14807 | Lair:2   | Killed Urug
 15057 | Lair:2   | Noticed a catoblepas
 15058 | Lair:2   | Found a dark tunnel.
 15067 | Lair:2   | Killed a catoblepas
 15068 | Lair:2   | Reached skill level 14 in Shields
 15083 | Volcano  | Entered a volcano
 15357 | Volcano  | Reached skill level 15 in Shields
 16021 | Lair:2   | Killed Sonja
 16022 | Lair:2   | Reached XP level 13. HP: 107/107 MP: 2/23
 16725 | Lair:2   | Found a hole to the Spider Nest.
 17343 | Lair:3   | Acquired the +2 cloak "Bounuxeo" {Rampage rC+}
 17451 | Lair:3   | Learned a level 6 spell: Iron Shot
 17740 | Lair:3   | Identified the +0 pair of boots "Yskuvafo" {rElec rPois
                  | rF+}
 17797 | Lair:3   | Found a shimmering blue altar of Sif Muna.
 18439 | Lair:3   | Found a staircase to the Shoals.
 18921 | Lair:4   | Noticed Snorg
 19146 | Lair:4   | Reached skill level 10 in Conjurations
 19417 | Lair:4   | Killed Snorg
 19709 | Lair:4   | Identified the +7 scale mail of Soft Rains {Stlth+}
 19943 | Lair:4   | Found a staircase to the Slime Pits.
 20184 | Lair:4   | Found a viscous altar of Jiyva.
 20550 | D:8      | Bought the ring of Cuddip {Will+ Int+5} for 595 gold pieces
 20642 | D:12     | Gained mutation: Your tail ends in a venomous barb. [Green
                  | Draconian growth]
 20642 | D:12     | Reached XP level 14. HP: 109/118 MP: 5/26
 21298 | D:12     | Identified the +8 quarterstaff "Transmigrator" {pain, Drain
                  | rPois rF+++ rN+}
 21379 | D:12     | Noticed Nergalle
 21387 | D:12     | Offered knowledge of Airstrike by Vehumet.
 21415 | D:12     | Killed Nergalle
 21717 | D:12     | Found a staircase to the Orcish Mines.
 21872 | D:12     | Identified the +6 flail of the Candle {spect, Int+3}
 21992 | Orc:1    | Entered Level 1 of the Orcish Mines
 22252 | Orc:1    | Learned a level 1 spell: Apportation
 22372 | Orc:2    | Entered Level 2 of the Orcish Mines
 22457 | Orc:2    | Noticed an orc warlord
 23184 | Orc:2    | Noticed Erolcha
 23188 | Orc:2    | Noticed an orc warlord
 23198 | Orc:2    | Killed an orc warlord
 23487 | Orc:1    | Killed an orc warlord
 23827 | Orc:2    | Killed Erolcha
 23964 | Orc:2    | Noticed Blork the orc
 23979 | Orc:2    | Killed Blork the orc
 24122 | Orc:2    | Noticed Saint Roka
 24149 | Orc:2    | Reached skill level 1 in Staves
 24149 | Orc:2    | Reached skill level 1 in Evocations
 24373 | Orc:1    | Found Peoxuug's Antique Weapon Emporium.
 24846 | Orc:2    | Found an iron altar of Okawaru.
 25369 | Orc:2    | Found Amyenn Kimui's Jewellery Emporium.
 25506 | Orc:2    | Found a staircase to the Elven Halls.
 25568 | Orc:2    | Found Zotos's General Store.
 25574 | Orc:2    | Bought a potion of curing for 36 gold pieces
 25633 | Orc:2    | Found Xyijoasu's Antique Weapon Emporium.
 25706 | Orc:2    | Found Hoceraofya's Antique Armour Emporium.
 25728 | Orc:2    | Bought the ring of Wyme {rF++ AC+4 Int+2} for 970 gold
                  | pieces
 26443 | D:13     | Found a gate to the Vaults.
 26873 | D:13     | Noticed Jorgrun
 26890 | D:13     | Killed Jorgrun
 27785 | D:13     | Reached skill level 5 in Staves
 27785 | D:13     | Reached skill level 5 in Evocations
 27879 | D:13     | Found the +4 Cigotuvi's embrace {Corpsefed rMiasma Drain
                  | rN+}
 28104 | D:13     | Reached ****** piety under Vehumet
 28284 | D:13     | Reached XP level 15. HP: 120/120 MP: 5/28
 28674 | Lair:5   | Entered Level 5 of the Lair of Beasts
 28679 | Lair:5   | Offered knowledge of Ozocubu's Refrigeration by Vehumet.
 28748 | Lair:5   | Found a gate leading to a gauntlet.
 28758 | Gauntlet | Entered a Gauntlet
 28758 | Gauntlet | Found a transporter.
 28767 | Gauntlet | Found a transporter.
 28782 | Gauntlet | Found a transporter.
 28787 | Gauntlet | Found a transporter.
 28802 | Gauntlet | Found a transporter.
 28821 | Gauntlet | Found a transporter.
 28833 | Gauntlet | Found a transporter.
 28839 | Gauntlet | Found a transporter.
 28862 | Gauntlet | Found a transporter.
 28870 | Gauntlet | Found a transporter.
 28879 | Gauntlet | Found a transporter.
 28887 | Gauntlet | Found a transporter.
 28887 | Gauntlet | Found a transporter.
 28904 | Gauntlet | Found a transporter.
 28923 | Gauntlet | Found a transporter.
 28940 | Gauntlet | Found a transporter.
 28968 | Gauntlet | Found a transporter.
 28982 | Gauntlet | Found a transporter.
 29250 | Gauntlet | Identified the +0 hat "Xontiwk" {Dex+3}
 29287 | Gauntlet | Got Sif Muna's Precepts of Azure Space
 29639 | Lair:5   | Noticed Nessos
 29652 | Lair:5   | Killed Nessos
 31458 | Lair:5   | Reached skill level 10 in Staves
 31699 | Lair:5   | Offered knowledge of Yara's Violent Unravelling by Vehumet.
 31706 | Lair:5   | Learned a level 5 spell: Yara's Violent Unravelling
 32183 | Lair:5   | Found a large runed translucent door.
 32184 | Lair:5   | Found a large runed translucent door.
 34060 | D:15     | Entered Level 15 of the Dungeon
 34315 | D:15     | Found an ancient bone altar of Kikubaaqudgha.
 34826 | D:15     | Identified the +5 quarterstaff "Zutzirch" {antimagic,
                  | *Noise rN++ Will+ SInv}
 35037 | D:15     | Noticed Kirke
 35072 | D:15     | Killed Kirke
 35073 | D:15     | Reached XP level 16. HP: 44/132 MP: 8/29
 35390 | D:15     | Found a staircase to the Depths.
 35609 | D:15     | Noticed Rupert
 36021 | Spider:1 | Entered Level 1 of the Spider Nest
 36887 | Spider:1 | Offered knowledge of Lee's Rapid Deconstruction by Vehumet.
 36903 | Spider:1 | Learned a level 5 spell: Lee's Rapid Deconstruction
 37466 | Spider:1 | Noticed Asterion
 37479 | Spider:1 | Killed Asterion
 37752 | Spider:1 | Reached skill level 10 in Earth Magic
 38557 | Elf:1    | Entered Level 1 of the Elven Halls
 38938 | Elf:1    | Paralysed by an air elemental for 1 turns
 39088 | Elf:1    | Found Pesopor's Book Boutique.
 39272 | Elf:1    | Bought Great Wizards, Vol. II for 380 gold pieces
 39272 | Elf:1    | Bought a Young Poisoner's Handbook for 200 gold pieces
 39277 | Elf:1    | Learned a level 4 spell: Olgreb's Toxic Radiance
 39331 | Elf:1    | Reached skill level 10 in Fighting
 39589 | Elf:1    | Reached skill level 1 in Poison Magic
 40315 | Elf:1    | Found a runed translucent door.
 40368 | Elf:1    | Reached XP level 17. HP: 131/140 MP: 5/30
 40585 | Elf:1    | Got the Dissertation on Obstruction
 40593 | Elf:1    | Learned a level 6 spell: Eringya's Noxious Bog
 40808 | Elf:2    | Reached skill level 10 in Spellcasting
 40808 | Elf:2    | Offered knowledge of Plasma Beam by Vehumet.
 41350 | Elf:2    | Reached skill level 5 in Transmutations
 41467 | Elf:2    | Noticed Roxanne
 41472 | Elf:2    | Killed Roxanne
 41790 | Elf:2    | Reached skill level 5 in Poison Magic
 41872 | Elf:2    | Found a runed translucent gate.
 41873 | Elf:2    | Found a runed translucent gate.
 41873 | Elf:2    | Found a runed translucent gate.
 42089 | Elf:2    | Found Zyoqeq's Antique Weapon Boutique.
 42454 | Elf:3    | Entered Level 3 of the Elven Halls
 43047 | Elf:3    | Noticed a deep elf master archer
 43048 | Elf:3    | Noticed a deep elf blademaster
 43057 | Elf:3    | Killed a deep elf blademaster
 43060 | Elf:3    | Killed a deep elf master archer
 43063 | Elf:3    | Noticed a deep elf master archer
 43066 | Elf:3    | Killed a ghostly deep elf blademaster
 43080 | Elf:3    | Noticed a deep elf blademaster
 43083 | Elf:3    | Killed a deep elf master archer
 43085 | Elf:3    | Noticed a deep elf blademaster
 43085 | Elf:3    | Killed a deep elf blademaster
 43282 | Elf:3    | Killed a deep elf blademaster
 43319 | Elf:3    | Identified the +2 ring mail "Ikol" {Stlth+}
 43559 | Elf:3    | Acquired 493 gold pieces
 43601 | Elf:3    | Noticed a deep elf master archer
 43602 | Elf:3    | Noticed a deep elf blademaster
 43603 | Elf:3    | Noticed a deep elf blademaster
 43609 | Elf:3    | Killed a deep elf blademaster
 43610 | Elf:3    | Killed a deep elf blademaster
 43611 | Elf:3    | Killed a deep elf master archer
 43709 | Elf:3    | Identified the +8 battleaxe of the Fifty Seas {heavy,
                  | Fragile Fly rC+ Str+2}
 43709 | Elf:3    | Identified the ring of Jyley {rF+ Str+3 Slay+2}
 43869 | Elf:3    | Identified the +0 plate armour "Ilejek" {Regen+ MP+9}
 43888 | Elf:3    | Got the Anthology of the Friendly Rocks
 44014 | Elf:1    | Bought an Everburning Encyclopedia for 360 gold pieces
 44014 | Elf:1    | Bought an Inescapable Atlas for 320 gold pieces
 44014 | Elf:1    | Bought a book of Armaments for 360 gold pieces
 44018 | Elf:1    | Learned a level 3 spell: Ignite Poison
 44021 | Elf:1    | Learned a level 2 spell: Blink
 44440 | Spider:2 | Offered knowledge of Conjure Ball Lightning by Vehumet.
 45727 | Spider:3 | Reached XP level 18. HP: 149/149 MP: 19/32
 47483 | Spider:4 | Entered Level 4 of the Spider Nest
 47596 | Spider:4 | Offered knowledge of Fire Storm by Vehumet.
 47596 | Spider:4 | Offered knowledge of Shatter by Vehumet.
 47596 | Spider:4 | Offered knowledge of Polar Vortex by Vehumet.
 49983 | Spider:4 | HP: 4/151 [jorogumo (24)]
 49995 | Spider:4 | Slain by a boulder beetle

Illustrated notes

Levels and vault maps discovered:
D:1:      psy_arrival_statuary, layout_loops_ring, minmay_lizard_pond
D:2:      layout_rooms, hellmonk_ecumenical_altar_lost_god, serial_rivers,
          chequers_serial_rivers_small_a, chequers_serial_rivers_room_a,
          chequers_serial_rivers_micro_a, chequers_serial_rivers_micro_d,
          chequers_serial_rivers_micro_e, chequers_serial_rivers_micro_c
D:3:      layout_basic, reono_crystal_passage, uniq_sigmund, uniq_natasha
D:4:      layout_cave_pools, minitemple, minmay_temple_entry_overgrown,
          minmay_misc_feat_rugged, minivault_24
D:5:      layout_cave_pools, chequers_temple_overflow_statue_of_worship,
          chequers_ossuary_entry_cave
D:6:      layout_basic, mainiacjoe_overflow_concentric_impassable,
          uniq_eustachio
D:7:      minmay_recursive_quarters, layout_loops_ring, serial_shops,
          nicolae_shop_behind_doors, uniq_crazy_yiuf_cottage
D:8:      layout_loops_ring, serial_shops, nicolae_shop_hallway_plus,
          nicolae_shop_crystal, nicolae_square_shop, lightli_minifort
D:9:      layout_small_grid, grunt_gozag_statues, tgw_xom,
          serial_co_window_serial, co_window_of_opportunity_a,
          co_window_paths_b, co_window_corner_a, co_window_paths_a,
          co_window_of_opportunity_a, co_window_paths_c, co_window_broadway_a,
          co_window_corner_b, co_window_corner_ca, co_window_4corner_a,
          glass_columns_a, glass_columns_c, glass_columns_b, glass_columns_b,
          serial_shops, kennysheep_mini_moat, minivault_25, uniq_pikel
D:10:     layout_roguey, serial_park_tiny_1
D:11:     layout_cave_pods, lair_entry_dummy, uniq_erica
D:12:     layout_loops_ring, david_orc_4, uniq_nergalle
D:13:     layout_loops_corners, david_vaults_4, kennysheep_cluttered_room,
          hellmonk_guarded_unrand_cigotuvi, uniq_jorgrun
D:14:     layout_long_grid, roderic_roman_lattice
D:15:     grunt_enter_depths_magical_seal, layout_cave_pods,
          kiku_gazebo_pond_becter, nicolae_concentric_dashed_squares_mild,
          uniq_rupert, uniq_kirke
Temple:   nicolae_temple_ecumenical_triangle
Lair:1:   layout_cave_pods, chequers_serial_rivers_large_a,
          chequers_serial_rivers_room_a, nicolae_lair_lil_pond, st_stairs_11,
          grunt_megastairs_2, uniq_amaemon
Lair:2:   layout_long_grid, spider_nest_entry_funnel_web, enter_volcano_4,
          beast_lair_carwin_11, uniq_sonja, uniq_urug
Lair:3:   layout_layer_cave, elwin_shoals_entry_rooms, basic_altar, minivault_11
Lair:4:   layout_layer_cave, minmay_slime_entry_jelly_boxes, uniq_snorg
Lair:5:   cheibrodos_lair_end_hotspot, layout_concentric_octagons,
          gauntlet_entry_generic, worms_lemuel, uniq_nessos
Spider:1: layout_spider_delve, hangedman_spider_tarantella_strand, uniq_asterion
Spider:2: layout_spider_delve
Spider:3: layout_cave_pods, nicolae_spider_rock_and_or_roll
Spider:4: hellmonk_spider_rune_endless_swarm
Orc:1:    layout_caves, serial_shops, shop_fountains
Orc:2:    grunt_orc_cross, layout_caves, okawaru_metal_pillars_3, uniq_erolcha
Elf:1:    layout_geoelf_octagon, serial_shops, nicolae_shop_advertising_works
          [nicolae_subvault_shop_adworks], hangedman_elf_disciples, minivault_13
Elf:2:    nicolae_elf_blades_crystal_corner, layout_rooms, serial_shops, shop,
          uniq_roxanne
Elf:3:    minmay_elf_hall, layout_geoelf_diagonals

Skill      XL: |  1  2  3  4  5  6  7  8  9 10 11 12 13 14 15 16 17 18 |
---------------+-------------------------------------------------------+-----
Dodging        | 2 3 4 5 6 7 8 9 |  9.0
Fighting       | 1 2 3 4 6 7 9 10 11 | 11.0
Earth Magic    | 4 5 7 9 11 14 | 14.1
Conjurations   | 1 2 5 7 9 10 12 13 14 | 14.7
Spellcasting   | 3 4 5 6 8 9 10 11 | 11.0
Hexes          | 3 4 |  4.0
Fire Magic     | 3 |  3.3
Shields        | 6 12 15 | 15.0
Staves         | 5 12 | 12.0
Evocations     | 5 6 |  6.0
Transmutations | 4 8 |  8.3
Poison Magic   | 2 9 |  9.0
Stealth        | |  1.7

Action                     |  1- 3 |  4- 6 |  7- 9 | 10-12 | 13-15 | 16-18 || total
---------------------------+-------+-------+-------+-------+-------+-------++-------
  Melee: Unarmed           |     5 |       |       |       |    11 |       ||    16
         Halberd           |     1 |       |       |       |       |       ||     1
         Trident           |       |    13 |       |       |       |       ||    13
         Tailslap          |       |     2 |     2 |    20 |   207 |   144 ||   375
         Staff             |       |       |    25 |   139 |   651 |   509 ||  1324
  Throw: Boomerang         |    21 |       |       |       |       |       ||    21
   Cast: Sandblast         |    35 |   107 |   121 |     5 |       |       ||   268
         Stone Arrow       |       |     1 |    56 |   262 |   872 |   315 ||  1506
         Inner Flame       |       |       |     2 |     6 |     6 |       ||    14
         Iron Shot         |       |       |       |       |    57 |    98 ||   155
         Lee's Rapid Decon |       |       |       |       |       |   220 ||   220
         Olgreb's Toxic Ra |       |       |       |       |       |     5 ||     5
         Ignite Poison     |       |       |       |       |       |    19 ||    19
         Eringya's Noxious |       |       |       |       |       |     2 ||     2
         Blink             |       |       |       |       |       |     1 ||     1
Ability: Breathe Noxious F |       |       |    11 |    31 |    65 |    51 ||   158
  Evoke: Wand              |     2 |       |     5 |     8 |    38 |    18 ||    71
         Condenser vane    |       |       |       |       |     2 |     7 ||     9
         Tin of tremorston |       |       |       |       |       |     6 ||     6
    Use: Potion            |     1 |     6 |     3 |       |    10 |    10 ||    30
         Scroll            |       |    10 |     5 |     6 |    18 |     7 ||    46
   Stab: Invisible         |       |     1 |       |       |       |       ||     1
         Confused          |       |       |       |     2 |    18 |    18 ||    38
         Fleeing           |       |       |       |       |     1 |       ||     1
 Armour: Skin              |    16 |     4 |    25 |    67 |   316 |   292 ||   720
  Dodge: Dodged            |    35 |    47 |    66 |    85 |   495 |   469 ||  1197
  Block: Kite shield       |       |       |       |    97 |   801 |   573 ||  1471

Table legend: (Time is in decaauts)
 A = Elapsed time spent in this place.
 B = Non-inter-level travel time spent in this place.
 C = Inter-level travel time spent in this place.
 D = Time resting spent in this place.
 E = Time spent auto-exploring this place.
 F = Levels seen in this place.
 G = Mean time per level.
                   A        B        C        D        E       F      G
               +--------+--------+--------+--------+--------+-----+--------+
         Total |  50233 |  47537 |   2696 |   4440 |  35414 |  33 | 1522.2 |
       Dungeon |  21047 |  19630 |   1417 |    978 |  15889 |  15 | 1403.1 |
        Temple |     39 |     26 |     13 |      0 |     16 |   1 |   39.0 |
          Lair |  10427 |   9893 |    534 |    743 |   7453 |   5 | 2085.4 |
   Spider Nest |   7664 |   7515 |    149 |    932 |   5439 |   4 | 1916.0 |
  Orcish Mines |   3916 |   3658 |    258 |   1132 |   1770 |   2 | 1958.0 |
   Elven Halls |   5429 |   5105 |    324 |    642 |   3548 |   3 | 1809.7 |
       Ossuary |    431 |    431 |      0 |      0 |    322 |   1 |  431.0 |
       Volcano |    739 |    739 |      0 |     10 |    578 |   1 |  739.0 |
      Gauntlet |    537 |    537 |      0 |      2 |    398 |   1 |  537.0 |
               +--------+--------+--------+--------+--------+-----+--------+

Top non-repeatable levels by time:
  Lair:5: 3139 daAuts
    D:13: 2567 daAuts
   Elf:1: 2503 daAuts
Spider:3: 2347 daAuts
   Orc:2: 2248 daAuts
  Lair:2: 2248 daAuts
  Lair:4: 2131 daAuts
Spider:1: 2119 daAuts
    D:12: 2005 daAuts
    D:11: 1951 daAuts
Spider:4: 1950 daAuts
    D:15: 1767 daAuts
   Orc:1: 1667 daAuts
  Lair:3: 1600 daAuts
     D:7: 1496 daAuts
